 Dungeon Crawl Stone Soup version 0.29.0-11-gd7f09526c8 (webtiles) character file.

Game seed: 9128054552182981211

5646 sentinel the Thrower (level 11, 89/89 HPs)
             Began as a Meteoran Venom Mage on Sept 4, 2022.
             Was a Priest of Cheibriados.
             Quit the game on level 13 of the Dungeon.
             The game lasted 00:19:48 (1773 turns).

sentinel the Thrower (Meteoran Venom Mage)          Turns: 1773, Time: 00:19:49

Health: 89/89      AC: 10    Str: 15    XL:     11   Next: 23%
Magic:  19/19      EV: 14    Int: 27    God:    Cheibriados [***...]
Gold:   0          SH:  0    Dex: 21    Spells: 9/19 levels left

rFire   . . .      SeeInvis .   i - +3 dagger (vorpal)
rCold   . . .      Faith    .   (no shield)
rNeg    + . .      Spirit   .   e - +1 steam dragon scales
rPois   +          Reflect  .   (no helmet)
rElec   .          Harm     .   c - +2 ratskin cloak {*Rats rPois rN+ Str-1 Int-1 Dex+1}
rCorr   .          Rampage  .   f - +0 pair of gloves
Will    +....                   (no boots)
Stlth   +.........              (no amulet)
HPRegen 0.24/turn               (no ring)
MPRegen 0.16/turn               (no ring)

@: glowing, very slow
A: sense surroundings 2, otherworldly, glowing, explore regen
a: Renounce Religion, Bend Time, Temporal Distortion


You were on level 13 of the Dungeon.
You worshipped Cheibriados.
Cheibriados was most pleased with you.
You visited 2 branches of the dungeon, and saw 14 of its levels.

Inventory:

Hand Weapons
 i - a +3 vorpal dagger (weapon)
Armour
 a - a +0 robe
 c - the +2 ratskin cloak (worn) {*Rats rPois rN+ Str-1 Int-1 Dex+1}
   (You found it on level 6 of the Dungeon)

   When the wearer is hurt, rats may emerge from it to assist them.
   Str:       It affects your strength (-1).
   Int:       It affects your intelligence (-1).
   Dex:       It affects your dexterity (+1).
   rPois:     It protects you from poison.
   rN:        It protects you from negative energy.
 e - +1 steam dragon scales (worn)
 f - a +0 pair of gloves (worn)
Magical Staves
 g - a staff of air {!a}
Wands
 k - a wand of mindburst (4)
 r - a wand of charming (4)
 D - a wand of digging (2)
 V - a wand of flame (14)
Scrolls
 o - a scroll of vulnerability
 p - a scroll of amnesia
 t - a scroll of teleportation
Potions
 b - 2 potions of magic
 d - a potion of cancellation {unknown}
 h - 2 potions of curing {unknown}
 j - a potion of haste {unknown}
 l - 2 potions of resistance {unknown}
 m - 2 potions of heal wounds {unknown}
 n - 2 potions of invisibility {unknown}
 q - a potion of brilliance {unknown}


   Skills:
 - Level 6.0 Fighting
 - Level 12.0 Throwing
 - Level 4.2 Dodging
 - Level 1.4 Stealth
 - Level 4.8 Spellcasting
 - Level 1.2 Transmutations
 + Level 1.5 Fire Magic
 - Level 8.0 Poison Magic
 - Level 6.0 Invocations
 - Level 6.7 Evocations


You had 9 spell levels left.
You knew the following spells:

 Your Spells              Type           Power      Damage    Failure   Level
a - Sting                 Tmut/Pois      100%       1d8       1%          1
e - Fireball              Conj/Fire      5%         3d5       83%         5
t - Olgreb's Toxic Radia  Pois           49%        N/A       2%          4

Your spell library contained the following spells:

 Spells                   Type           Power      Damage    Failure   Level
 Poisonous Vapours        Pois/Air       56%        N/A       2%          2
 Mephitic Cloud           Conj/Pois/Air  20%        N/A       8%          3
 Dazzling Flash           Conj/Hex       12%        N/A       22%         3
 Agony                    Necr           6%         N/A       90%         5
 Silence                  Hex/Air        3%         N/A       90%         5
 Starburst                Conj/Fire      5%         6d4       100%        6
 Ignition                 Fire           7%         3d4       100%        8


Dungeon Overview and Level Annotations

Branches:
Dungeon (12/15) Zot: 9226  Temple (1/1) D:6 Zot: 874     Orc (0/2) D:11
   Lair: D:8-11

Altars:
Cheibriados
Dithmenos
Elyvilon
Gozag
Hepliaklqana
Makhleb
Nemelex Xobeh
Ru
Uskayaw
Vehumet
Xom
Zin
The Shining One

Shops:
D:5 (

Annotations:
D:6 Grinder
D:9 3 runed translucent doors, Gonzollydolly's ghost, novice DEHu
D:11 2 runed translucent doors
D:12 Kirke


Innate Abilities, Weirdness & Mutations

You passively map the area around you.
You are easily found by Zot.
You glow in the dark.
You regain HP and MP as you explore.


Message History

The centaur unwields a +0 shortbow.
The centaur closely misses you. x3
The centaur kicks you but does no damage.
Found a book of Fire and 5 gold pieces.
The centaur wields a +0 shortbow.
The centaur shoots an arrow.
The arrow hits you.
The centaur shoots an arrow.
The arrow hits you but does no damage.
There is an open door here.
Casting: Olgreb's Toxic Radiance (dangerous; 2% risk of failure)
Confirm with . or Enter, or press ? or * to list all spells.
You begin to radiate toxic energy.
The centaur looks even sicker.
The centaur shoots an arrow.
The arrow hits you.
Nothing quivered!
Unknown command.
Nothing quivered!
Casting: Olgreb's Toxic Radiance (dangerous; 2% risk of failure)
Confirm with . or Enter, or press ? or * to list all spells.
Aiming: Sting (safe; 1% risk of failure)
Press: ? - help, Shift-Dir - straight line, f/p - centaur
Aim: a centaur, wielding a +0 shortbow (heavily wounded, very poisoned, 87% to hit)
The sting hits the centaur.
The centaur looks as sick as possible!
The centaur is severely wounded.
The centaur looks as sick as possible!
Your toxic aura wanes.
The centaur shoots an arrow.
The arrow hits you!
The centaur shoots an arrow.
The arrow hits you!
Casting: Sting (safe; 1% risk of failure)
Confirm with . or Enter, or press ? or * to list all spells.
Aiming: Sting (safe; 1% risk of failure)
Press: ? - help, Shift-Dir - straight line, f/p - centaur
Aim: a centaur, wielding a +0 shortbow (almost dead, extremely poisoned, 87% to hit)
The sting hits the centaur.
The centaur looks as sick as possible!
The centaur is almost dead.
You kill the centaur!
Cheibriados appreciates the change of pace.
You can now warp the flow of time around you.
Found a wand of flame (10).
Press: ? - help, v - describe, . - travel, g - get item Item here: a book of Fire.
The floor.
Found three items.
Gonzollydolly's ghost turns its malevolent gaze towards you.
Gonzollydolly's ghost whispers, "Soon you will have time, lots of time..."
You pick up a book of Fire and begin reading...
You add the spells Fireball, Starburst and Ignition to your library.
Okay, then.
Okay, then.
Okay, then.
This spell is impossible to cast!
Memorise Starburst, consuming 6 spell levels and leaving 8?
Okay, then.
Okay, then.
This spell is quite dangerous to cast!
Memorise Fireball, consuming 5 spell levels and leaving 9?
Okay, then.
This spell is quite dangerous to cast!
Memorise Fireball, consuming 5 spell levels and leaving 9?
You start memorising the spell.
You continue memorising. x5
Gonzollydolly's ghost whispers, "Death doesn't hurt.
What you feel is life."
You finish memorising.
Spell assigned to 'e'.
Okay, then.
You open the door.
Found a stone staircase leading down.
There is an open door here.
There is a stone staircase leading down here.
You climb downwards.
There is a stone staircase leading up here.
You climb upwards.
Level annotation: 3 runed translucent doors, Gonzollydolly's ghost, novice DEHu
There is a stone staircase leading down here.
There is an open door here.
Found a short runed staff.
Found an escape hatch in the ceiling.
You see here a staff of air {!a}.
g - a staff of air {!a} You open the door.
There is an open door here.
You open the door.
Found a scroll labelled TEEGUX DIALIU.
There is an open door here.
s - a scroll labelled TEEGUX DIALIU
As you read the scroll of identify, it crumbles to dust.
s - a scroll of magic mapping;
u - a scroll of magic mapping
As you read the scroll of magic mapping, it crumbles to dust.
You feel aware of your surroundings.
There is an open door here.
There is an open door here.
There is an open door here.
There is a stone staircase leading down here.
You climb downwards.
There is a stone staircase leading up here.
Found a glowing iron wand.
A howler monkey comes into view.
The howler monkey howls!
The howler monkey hoots and howls with incredible vigour!
A howler monkey comes into view.
A howler monkey comes into view.
You see here a wand of charming (4).
r - a wand of charming (4)
Casting: Sting (safe; 1% risk of failure)
Confirm with . or Enter, or press ? or * to list all spells.
You begin to radiate toxic energy.
The howler monkey is poisoned. x2
The howler monkey looks even sicker. x2
The howler monkey hoots and howls with incredible vigour!
The howler monkey closely misses you.
You hit the howler monkey.
The howler monkey is heavily wounded.
The howler monkey looks even sicker.
Your toxic aura wanes.
The howler monkey hoots and howls with incredible vigour!
You hear a howl!
You hit the howler monkey.
The howler monkey is almost dead.
You kill the howler monkey!
Cheibriados appreciates the change of pace.
The howler monkey hoots and howls with incredible vigour!
The howler monkey hits you but does no damage.
You hit the howler monkey but do no damage.
The howler monkey is severely wounded.
The howler monkey hits you but does no damage.
You puncture the howler monkey!
You kill the howler monkey!
Cheibriados appreciates the change of pace.
Your Fire Magic skill increases to level 1!
A howler monkey is nearby!
A howler monkey is nearby!
The howler monkey howls!
Casting: Olgreb's Toxic Radiance (dangerous; 2% risk of failure)
Confirm with . or Enter, or press ? or * to list all spells.
You begin to radiate toxic energy.
The howler monkey is poisoned.
The howler monkey looks even sicker.
The howler monkey hoots and howls with incredible vigour!
The howler monkey looks as sick as possible!
The howler monkey hoots and howls with incredible vigour!
You hit the howler monkey.
The howler monkey is severely wounded.
Your toxic aura wanes.
You kill the howler monkey!
Cheibriados appreciates the change of pace.
Found 18 gold pieces.
Things that are here:
a +0 ring mail; a +0 hand axe You see here a +0 dagger.
Found a dagger.
There is an open door here.
You open the door.
Found a sparkling altar of Nemelex Xobeh.
There is an open door here.
There is a shaft here.
You fall into a shaft and drop 3 floors!
The shaft crumbles and collapses.
Found 2 bubbling red potions.
Are you sure you want to abandon this character and quit the game? (Confirm with "yes".)

*
#######
*** *
#...@.#
* *
#.....#
, *
#.....#
* , , *
* ,
#.....#
, , *
#!....#
* * ,, ,
#......
,,
*#......
, ,
........
, ,, ,,
,,, ,,,,
,


There were no monsters in sight!

Vanquished Creatures
  A two-headed ogre (D:10)
  Pikel (D:8)
  An unseen horror (D:12)
  A kobold demonologist (D:11)
  Psyche (D:9)
  6 yaks (D:11)
  A hog (D:11)
  A wyvern (D:11)
  2 steam dragons (D:8)
  3 vampire mosquitoes (D:11)
  An acid dragon (D:11)
  An orc warrior (D:8)
  2 centaurs
  A black bear (D:6)
  An ogre (D:5)
  2 sky beasts
  2 lemures (D:8)
  3 kobold brigands
  2 bullfrogs
  A scorpion (D:5)
  A necrophage (D:5)
  An oklob sapling (D:6)
  12 killer bees (D:8)
  5 howler monkeys
  An orc priest (D:8)
  3 orc wizards
  2 adders
  10 orcs
  2 ball pythons (D:3)
  A bat skeleton (D:6)
  A giant cockroach (D:1)
  A hobgoblin (D:1)
  13 kobolds
  5 frilled lizards (D:1)
92 creatures vanquished.

Vanquished Creatures (others)
  An angel (D:8)
  3 plants (D:6)
4 creatures vanquished.

Grand Total: 96 creatures vanquished

Notes
Turn   | Place    | Note
-------+----------+-------------------------------------------
     0 | D:1      | sentinel the Meteoran Venom Mage began the quest for the
                  | Orb.
     0 | D:1      | Reached XP level 1. HP: 14/14 MP: 5/5
    47 | D:1      | Reached XP level 2. HP: 14/20 MP: 0/6
   112 | D:3      | Reached XP level 3. HP: 18/26 MP: 6/8
   160 | D:3      | Reached skill level 5 in Poison Magic
   191 | D:5      | Entered Level 5 of the Dungeon
   191 | D:5      | Found Zeng's Antique Weapon Shop.
   201 | D:6      | Noticed Grinder
   201 | D:6      | Noticed a sky beast
   214 | D:5      | Noticed a scorpion
   221 | D:5      | Killed a scorpion
   222 | D:5      | Reached XP level 4. HP: 26/33 MP: 3/9
   222 | D:5      | Reached XP level 5. HP: 30/38 MP: 3/10
   227 | D:5      | Learned a level 4 spell: Olgreb's Toxic Radiance
   253 | D:5      | Noticed a necrophage
   277 | D:5      | Killed a necrophage
   297 | D:5      | Noticed an ogre
   313 | D:5      | Killed an ogre
   314 | D:5      | Reached XP level 6. HP: 33/45 MP: 4/12
   329 | D:6      | Found the +2 ratskin cloak {*Rats rPois rN+ Str-1 Int-1
                  | Dex+1}
   350 | D:6      | Found a staircase to the Ecumenical Temple.
   378 | Temple   | Entered the Ecumenical Temple
   384 | Temple   | Became a worshipper of Cheibriados the Contemplative
   408 | D:6      | Noticed a black bear
   428 | D:6      | Killed a black bear
   429 | D:6      | Reached XP level 7. HP: 50/50 MP: 3/14
   461 | D:8      | Noticed Pikel
   467 | D:8      | Noticed a steam dragon
   476 | D:8      | Killed Pikel
   477 | D:8      | Reached skill level 6 in Throwing
   477 | D:8      | Reached XP level 8. HP: 48/57 MP: 8/16
   485 | D:8      | Killed a steam dragon
   486 | D:8      | Reached skill level 7 in Throwing
   496 | D:8      | Reached skill level 8 in Throwing
   498 | D:8      | Gained mutation: You passively map the area around you.
                  | [Meteoran growth]
   498 | D:8      | Reached XP level 9. HP: 30/62 MP: 2/17
   547 | D:7      | Reached * piety under Cheibriados
   552 | D:7      | Reached skill level 9 in Throwing
   563 | D:7      | Found a hide-covered altar of Uskayaw.
   610 | D:9      | Noticed Psyche
   615 | D:9      | Killed Psyche
   616 | D:9      | Reached skill level 10 in Throwing
   673 | D:10     | Entered Level 10 of the Dungeon
   687 | D:10     | Noticed a two-headed ogre
   702 | D:10     | Killed a two-headed ogre
   703 | D:10     | Reached skill level 12 in Throwing
   718 | D:11     | Reached XP level 10. HP: 8/73 MP: 7/18
   765 | D:11     | Found a large runed translucent door.
   766 | D:11     | Found a large runed translucent door.
   782 | D:11     | Found a staircase to the Orcish Mines.
   782 | D:11     | Noticed a kobold demonologist
   791 | D:11     | Killed a kobold demonologist
   803 | D:11     | Reached skill level 5 in Fighting
   815 | D:11     | Reached skill level 5 in Invocations
   830 | D:12     | Killed an unseen horror
   831 | D:12     | Noticed Kirke
  1006 | D:10     | Found a shadowy altar of Dithmenos.
  1134 | D:11     | Reached ** piety under Cheibriados
  1135 | D:11     | Reached skill level 1 in Evocations
  1270 | D:8      | Reached XP level 11. HP: 81/89 MP: 14/19
  1387 | D:8      | Reached skill level 5 in Evocations
  1410 | D:8      | Found a shimmering altar of Xom.
  1410 | D:8      | Noticed an angel
  1415 | D:8      | Found a glowing silver altar of Zin.
  1422 | D:8      | Found a radiant altar of Vehumet.
  1520 | D:8      | Killed an angel
  1554 | D:9      | Found a runed translucent gate.
  1554 | D:9      | Found a runed translucent gate.
  1554 | D:9      | Found a runed translucent gate.
  1561 | D:9      | Reached *** piety under Cheibriados
  1565 | D:9      | Noticed Gonzollydolly's ghost (novice DEHu)
  1574 | D:9      | Learned a level 5 spell: Fireball
  1680 | D:10     | Reached skill level 1 in Fire Magic
  1767 | D:10     | Found a sparkling altar of Nemelex Xobeh.
  1772 | D:10     | You fall into a shaft and drop 3 floors!
  1773 | D:13     | Quit the game

Illustrated notes

Levels and vault maps discovered:
D:1:      saegor_arrival_miasma, layout_rooms,
          shapermc_ecumenical_altar_starsandcircs, minmay_lizard_pond
D:2:      layout_loops_corners
D:3:      layout_loops_cross, general_overflow_altar
D:4:      layout_basic, mainiacjoe_overflow_small_starburst,
          minmay_misc_feat_nine_boxes, uniq_edmund
D:5:      layout_loops_ring, nicolae_sif_muna_condensation,
          nicolae_stop_n_shop_1
D:6:      layout_gridville, grunt_temple_overflow_bloody_war,
          kennysheep_vampire_church, mainiacjoe_overflow_six_doors_small,
          minmay_temple_entry_oklob, uniq_grinder, uniq_menkaure,
          uniq_crazy_yiuf_cottage, uniq_blork_the_orc
D:7:      layout_basic, nicolae_uskayaw_suspiria, mainiacjoe_overflow_alcove_1,
          enter_bailey_4
D:8:      layout_cave_pools, grunt_temple_overflow_order_and_chaos_1,
          overflow_temple_1_default, dk_vineyard_3, uniq_pikel
D:9:      layout_gridville, gammafunk_ghost_necromancy, uniq_psyche,
          uniq_erolcha
D:10:     layout_basic, grunt_dithmenos_smoke_and_mirrors,
          mainiacjoe_overflow_24_doors, nemelex_spade_bored_becter,
          erik_lair_dragon
D:11:     layout_irregular_city, orc_0_dummy, ebering_ghost_disaster_area,
          serial_column_ruins, column_ruins_corridor_straight,
          column_ruins_open_small, column_ruins_columns_corner,
          column_ruins_open_medium, column_ruins_grid_1,
          column_ruins_corridor_corner, uniq_sonja
D:12:     layout_gridville, lightli_airlock, uniq_kirke
D:13:     evilmike_library_of_no_secrets, layout_irregular_city,
          hellmonk_ghost_big_iron, kennysheep_generic_room_5
Temple:   hellmonk_temple_two_chambers

Skill      XL: |  1  2  3  4  5  6  7  8  9 10 11 |
---------------+----------------------------------+-----
Poison Magic   | 4 6 7 8 |  8.0
Spellcasting   | 3 4 |  4.8
Throwing       | 6 8 12 | 12.0
Fighting       | 2 6 |  6.0
Invocations    | 6 |  6.0
Dodging        | 4 |  4.2
Evocations     | 4 6 |  6.7
Fire Magic     | 1 |  1.5
Stealth        | |  1.4
Transmutations | |  1.2

Action                   |  1- 3 |  4- 6 |  7- 9 | 10-12 || total
-------------------------+-------+-------+-------+-------++-------
Melee: Unarmed           |       |    16 |       |       ||    16
       Dagger            |       |       |       |     7 ||     7
Throw: Boomerang         |       |    14 |    19 |    21 ||    54
 Cast: Sting             |    37 |    11 |     2 |     2 ||    52
       Olgreb's Toxic Ra |       |     5 |    21 |    27 ||    53
Invok: Bend Time         |       |       |     1 |       ||     1
Evoke: Wand              |       |       |       |     6 ||     6
  Use: Scroll            |     3 |     1 |     2 |     7 ||    13
       Potion            |       |     1 |       |       ||     1
Armor: Robe              |    11 |     9 |     7 |       ||    27
       Steam dragon scal |       |       |     9 |    48 ||    57
Dodge: Dodged            |    16 |    19 |    25 |   102 ||   162
